 Dungeon Crawl Stone Soup version 0.31-a0-256-g80acddb972 (webtiles) character file.

Game seed: 11372724337578921292

59 Conn the Firebug (level 4, -2/40 HPs)
             Began as an Octopode Fire Elementalist on July 13, 2023.
             Killed by divine providence
             ... invoked by an orc priest
              (10 damage)
             ... on level 3 of the Dungeon.
             The game lasted 00:03:33 (1889 turns).

Conn the Firebug (Octopode Fire Elementalist)       Turns: 1889, Time: 00:03:38

Health: -2/40      AC: 22    Str:  5    XL:     4   Next: 3%
Magic:  0/7        EV:  2    Int: 19    God:
Gold:   128        SH:  0    Dex: 12    Spells: 6/7 levels left

rFire   . . .        b - +1 dagger (speed)
rCold   . . .        (no shield)
rNeg    . . .        (helmet currently unavailable)
rPois   +            (no amulet)
rElec   .            (no ring)
rCorr   .            (no ring)
SInv    .            (no ring)
Will    .....        (no ring)
Stlth   ++           (no ring)
HPRegen 0.00/turn    (no ring)
MPRegen 0.10/turn    (no ring)
                     (no ring)

%: no passive effects
@: tree-form, attractive, inhibited regen
A: stationary, stasis, torment immunity, boosted hp, almost no armour,
(amphibious), 8 rings, (camouflage 1), (gelatinous body 1), (nimble swimmer 1),
(tentacles), (tentacle spike 1), inhibited regeneration, weak 1
a: no special abilities


You were on level 3 of the Dungeon.
You were a tree.
You visited 1 branch of the dungeon, and saw 4 of its levels.

You collected 128 gold pieces.

Inventory:

Hand Weapons
 b - a +1 dagger of speed (weapon)
Jewellery
 f - an amulet of reflection
Scrolls
 c - a scroll of poison {unknown}
 e - a scroll of noise {unknown}
 h - a scroll of torment {unknown}
 j - 2 scrolls of blinking {unknown}
 k - 3 scrolls of teleportation {unknown}
 l - 3 scrolls of identify {unknown}
Potions
 a - a potion of magic
 m - a potion of curing {unknown}


   Skills:
 + Level 0.2 Fighting
 + Level 0.1 Short Blades
 + Level 2.4 Dodging
 + Level 3.2 Stealth
 + Level 2.3 Spellcasting
 + Level 1.2 Conjurations
 + Level 3.9 Fire Magic


You had 6 spell levels left.
You knew the following spells:

 Your Spells              Type           Power      Damage    Failure   Level
a - Foxfire               Conj/Fire      48%        2x1d6     5%          1

Your spell library contained the following spells:

 Spells                   Type           Power      Damage    Failure   Level
 Scorch                   Fire           34%        2d6       4%          2
 Freeze                   Ice            8%         1d3       17%         1
 Inner Flame              Hex/Fire       9%         N/A       22%         3
 Volatile Blastmotes      Fire/Tloc      18%        2d11      22%         3
 Hailstorm                Conj/Ice       4%         3d4       36%         3
 Frozen Ramparts          Ice            4%         1d1       45%         3
 Flame Wave               Conj/Fire      12%        2d6       50%         4


Dungeon Overview and Level Annotations

Branches:
Dungeon (4/15)
 Temple: D:4-7

Altars:


Innate Abilities, Weirdness & Mutations

You are a tree.
Your roots penetrate the ground, keeping you stationary.
You cannot be teleported.
You are immune to unholy pain and torment.
Your maximum health is greatly increased.
You cannot wear most types of armour.
((You are amphibious.))
You can wear up to eight rings at the same time.
((Your skin changes colour to match your surroundings (Stealth+).))
((Your rubbery body absorbs attacks. (AC +1, EV +1)))
((You are camouflaged when in or above water. (Stealth+)))
((You have tentacles for arms and can constrict up to eight enemies at once.))
((One of your tentacles bears a spike.))
You do not regenerate when monsters are visible.
You are weak. (Str -2)


Message History

You conjure some foxfire!
The foxfire hits the rat.
The rat is severely wounded.
The foxfire hits the rat.
You kill the rat!
Unknown command.
Casting: Foxfire (safe; 5% risk of failure)
Confirm with . or Enter, or press ? or * to list all spells.
You conjure some foxfire!
The orc priest invokes the aid of Beogh against you.
Beogh smites you!
Ouch! That really hurt!
* * * LOW HITPOINT WARNING * * *
The foxfire hits the orc priest.
The orc priest is moderately wounded.
The foxfire hits the orc priest.
The orc priest is heavily wounded.
The foxfire hits the orc priest.
The orc priest is heavily wounded.
The foxfire hits the orc priest.
The orc priest is severely wounded.
Unknown command.
Unknown command.
Unknown command.
It was a potion of mutation.
You feel extremely strange.
You feel weaker.
Your regeneration stops near monsters.
One of your lower tentacles grows a sharp spike.
It was a potion of lignification.
You turn into a tree.
Your roots penetrate the ground.
The orc priest begins to cast a cantrip, but forgets the words!
Okay, then.
Casting: Foxfire (safe; 5% risk of failure)
Confirm with . or Enter, or press ? or * to list all spells.
You conjure some foxfire!
It was a potion of attraction.
You feel attractive to monsters.
The foxfire hits the orc priest.
The orc priest is almost dead.
The orc priest invokes the aid of Beogh against you.
Beogh smites you!
You die...

.....######
##...##$$.#####
####.#)8$8$#...##
## #.o..$o_#....##
o###.#.8.8.#...†.#
.....##o$(##.....#
.##...#####......#
.#.....#.......§.#
o..##.........§§♣#
......##.....§§..#
....>.##....§§...#
......##...v.....#
.....:##...o.....#
......##.........#
##..............##
#.......#.....##
#.......#######


You could see an orc priest (ally target).

Vanquished Creatures
  An orc (D:3)
  8 ball pythons
  8 endoplasms
  4 giant cockroaches
  7 goblins
  4 hobgoblins
  4 jackals (D:1)
  A quokka (D:2)
  4 bats
  A frilled lizard (D:1)
  3 kobolds
  4 rats
49 creatures vanquished.

Vanquished Creatures (others)
  87 foxfires
87 creatures vanquished.

Grand Total: 136 creatures vanquished

Notes
Turn   | Place    | Note
-------+----------+-------------------------------------------
     0 | D:1      | Conn the Octopode Fire Elementalist began the quest for the
                  | Orb.
     0 | D:1      | Reached XP level 1. HP: 11/11 MP: 3/3
    96 | D:1      | Reached XP level 2. HP: 17/17 MP: 1/5
   417 | D:1      | Reached XP level 3. HP: 21/21 MP: 2/6
  1840 | D:3      | Reached XP level 4. HP: 27/27 MP: 4/7
  1886 | D:3      | Gained mutation: You are weak. (Str -2) [potion of
                  | mutation]
  1886 | D:3      | Gained mutation: You do not regenerate when monsters are
                  | visible. [potion of mutation]
  1886 | D:3      | Gained mutation: One of your tentacles bears a spike.
                  | [potion of mutation]
  1889 | D:3      | Killed from afar by an orc priest

Illustrated notes

Levels and vault maps discovered:
D:1:      dpeg_arrival_brainrot, layout_basic, dreamdust_wishing_well,
          palyth_stone_intersect
D:2:      layout_rooms, minmay_hexomino_u4
D:3:      layout_rooms, lemuel_coloured_pillars_altar, kennysheep_orc_chapel,
          uniq_natasha
D:4:      layout_cave_pools, ashenzari_altar_1,
          mainiacjoe_overflow_concentric_impassable, minmay_temple_entry_arrows,
          gup_sewer_entry_bubbles, minmay_hollow_rounded_squares

Skill      XL: |  1  2  3 |
---------------+----------+-----
Stealth        | 3 |  3.2
Fighting       | |  0.2
Short Blades   | |  0.1
Dodging        | |  2.4
Spellcasting   | |  2.3
Conjurations   | |  1.2
Fire Magic     | |  3.9

Action                     |  1- 3 |  4- 6 || total
---------------------------+-------+-------++-------
  Melee: Unarmed           |    12 |       ||    12
         Tentacles         |    13 |       ||    13
         Constrict         |     8 |       ||     8
         Dagger            |    43 |       ||    43
         Punch             |     1 |       ||     1
   Cast: Foxfire           |    38 |     9 ||    47
    Use: Potion            |       |     3 ||     3
   Stab: Sleeping          |     9 |       ||     9
 Armour: Skin              |     4 |       ||     4
  Dodge: Dodged            |    34 |       ||    34

Table legend: (Time is in decaauts)
 A = Elapsed time spent in this place.
 B = Non-inter-level travel time spent in this place.
 C = Inter-level travel time spent in this place.
 D = Time resting spent in this place.
 E = Time spent auto-exploring this place.
 F = Levels seen in this place.
 G = Mean time per level.
                   A        B        C        D        E       F      G
               +--------+--------+--------+--------+--------+-----+--------+
         Total |   1873 |   1858 |     15 |      0 |   1381 |   4 |  468.2 |
       Dungeon |   1873 |   1858 |     15 |      0 |   1381 |   4 |  468.2 |
               +--------+--------+--------+--------+--------+-----+--------+

Top non-repeatable levels by time:
     D:1: 1088 daAuts
     D:2: 686 daAuts
     D:3: 84 daAuts
     D:4: 13 daAuts
